 Dungeon Sprint DCSS version 0.29-a0-320-g9f8742066b (webtiles) character file.

Game seed: 5857854426928100488

32034 mhtbhm the Ninja (level 13, -6/76 HPs)
             Began as a Spriggan Brigand on Apr 2, 2022.
             Was the Champion of Okawaru.
             Mangled by an entropy weaver (7 damage)
             ... in the Dungeon (Sprint IX: "|||||||||||||||||||||||||||||").
             The game lasted 00:14:40 (6475 turns).

mhtbhm the Ninja (Spriggan Brigand)                 Turns: 6475, Time: 00:14:40

Health: -6/76      AC:  7    Str: 15    XL:     13   Next: 29%
Magic:  19/19      EV: 24    Int: 16    God:    Okawaru [******]
Gold:   159        SH:  0    Dex: 12    Spells: 12/12 levels left

rFire   + + +      SeeInvis +   a - +2 rapier (holy)
rCold   . . .      Faith    .   (no shield)
rNeg    . . .      Spirit   .   b - +2 robe "Eloth" {Rampage rPois rF+++ Dex-5}
rPois   +          Reflect  .   C - +2 hood of the Assassin {Detection Stab+ Stlth++}
rElec   .          Harm     .   v - +2 cloak of Sin {Str+4 Slay+3}
rCorr   .          Rampage  +   (gloves unavailable)
Will    ++...      NoTele   +   (boots unavailable) Stlth *+++++++++
                                (no amulet)
HPRegen 0.22/turn               m - +3 ring of intelligence
MPRegen 0.16/turn               n - +2 ring of protection

@: corroded, studying Armour, very quick
A: very small, no large weapons, unfitting armour, see invisible, speed 3
a: Renounce Religion, Heroism, Finesse


You were in the Dungeon.
You worshipped Okawaru.
Okawaru was exalted by your worship.
You visited 1 branch You collected 1920 gold pieces.
You spent 1761 gold pieces at shops.

Inventory:

Hand Weapons
 a - a +2 rapier of holy wrath (weapon)
Missiles
 c - 5 atropa-tipped darts
 d - 8 poisoned darts
 e - 2 curare-tipped darts (quivered)
 o - 2 silver boomerangs
 p - 4 boomerangs
 w - 3 boomerangs of dispersal
 E - 6 datura-tipped darts
Armour
 b - the +2 robe "Eloth" (worn) {Rampage rPois rF+++ Dex-5}
   (Okawaru gifted it to you in the Dungeon)

   Dex:       It affects your dexterity (-5).
   rF:        It renders you almost immune to fire.
   rPois:     It protects you from poison.
   Rampage:   It bestows one free step when moving towards enemies.
 v - the +2 cloak of Sin (worn) {Str+4 Slay+3}
   (Okawaru gifted it to you in the Dungeon)

   Str:       It affects your strength (+4).
   Slay:      It affects your accuracy & damage with ranged weapons and melee
   (+3).
 C - the +2 hood of the Assassin (worn) {Detection Stab+ Stlth++}
   (You found it in the Dungeon)

   It allows the wearer to sense nearby creatures.
   It allows the wearer to make particularly effective stabbing attacks against
   helpless or unaware enemies with any weapon.
   Stlth:     It makes you much more stealthy.
Jewellery
 m - a +3 ring of intelligence (left hand)
 n - a +2 ring of protection (right hand)
 y - a ring of willpower
 z - a ring of fire
 A - a ring of protection from cold
 B - a ring of ice
Wands
 l - a wand of iceblast (13)
Scrolls
 j - 2 scrolls of amnesia
 k - 2 scrolls of blinking
 s - 6 scrolls of fog
 t - 2 scrolls of fear
 u - 4 scrolls of enchant weapon
 x - a scroll of enchant armour
Potions
 f - 2 potions of cancellation
 g - 5 potions of heal wounds
 h - 3 potions of curing
 i - 5 potions of magic
 q - 3 potions of might
 r - a potion of berserk rage
 D - 2 potions of brilliance


   Skills:
 + Level 12.8 Fighting
 + Level 17.4 Short Blades
 + Level 18.4 Throwing
 + Level 14.5 Dodging
 O Level 27 Stealth
 * Level 7.1 Invocations
 + Level 6.0 Evocations


You had 12 spell levels left.
You didn't know any spells.
Your spell library contained the following spells:

 Spells                   Type           Power      Damage    Failure   Level
 Foxfire                  Conj/Fire      0%         2x1d4     26%         1
 Corpse Rot               Necr/Air       0%         N/A       36%         2
 Poisonous Vapours        Pois/Air       0%         N/A       36%         2
 Static Discharge         Conj/Air       0%         N/A       36%         2
 Conjure Flame            Conj/Fire      0%         6-21      58%         3
 Inner Flame              Hex/Fire       0%         N/A       58%         3
 Dispel Undead            Necr           0%         3d6       94%         4
 Flame Wave               Conj/Fire      0%         2d4       94%         4
 Sticky Flame             Conj/Fire      0%         2d3       94%         4


Dungeon Overview and Level Annotations

Branches:
Dungeon (1/1)

Altars:
Cheibriados
Dithmenos
Elyvilon
Fedhas
Gozag
Hepliaklqana
Kikubaaqudgha
Makhleb
Nemelex Xobeh
Okawaru
Qazlal
Ru
Sif Muna
Trog
Uskayaw
Vehumet
Wu Jian
Xom
Yredelemnul
Zin
The Shining One
Beogh
Jiyva
Lugonu

Shops:
D [::!


Innate Abilities, Weirdness & Mutations

You are very small and have problems with some larger weapons.
You are too small for most types of armour.
You have supernaturally acute eyesight. (SInv)
You cover ground extremely quickly. (Speed+++)


Message History

The entropy weaver closely misses you.
The entropy weaver barely misses you. x2
The entropy weaver completely misses you.
You hit the entropy weaver but do no damage.
The entropy weaver is severely wounded.
Unknown command.
You hit the entropy weaver.
The entropy weaver is severely wounded.
The entropy weaver misses you. The entropy weaver hits you!
* * * LOW HITPOINT WARNING * * *
The entropy weaver hits you but does no damage.
The entropy weaver hits you.
* * * LOW HITPOINT WARNING * * *
You feel better.
Unknown command.
You feel better. The entropy weaver barely misses you.
The entropy weaver closely misses you.
The entropy weaver completely misses you.
The entropy weaver misses you.
You miss the entropy weaver.
The entropy weaver is severely wounded.
The entropy weaver completely misses you.
The entropy weaver hits you!
* * * LOW HITPOINT WARNING * * *
The entropy weaver closely misses you. The entropy weaver hits you.
* * * LOW HITPOINT WARNING * * *
You feel better.
Throw: 3 darts (curare)
Press: ? - help, Q - select action, (/) - cycle Shift-Dir - straight line, f/p - entropy weaver
Aim: an entropy weaver (severely wounded, poisoned, slow, 67% to hit)
You throw a curare-tipped dart.
The curare-tipped dart barely misses the entropy weaver.
The curare-tipped dart hits the wolf spider.
The wolf spider is poisoned.
The wolf spider convulses.
The wolf spider seems to slow down.
The wolf spider is lightly wounded.
The entropy weaver hits you!
* * * LOW HITPOINT WARNING * * *
The entropy weaver hits you but does no damage.
The entropy weaver misses you. The entropy weaver hits you!
You die...

)▓.▓'▓.▓.▓.▓.▓.▓.▓
.▓.▓÷▓.▓)▓.▓.▓.▓.▓
.▓.▓.▓.▓)▓.▓(▓.▓.▓
'▓÷▓†▓.▓.▓.▓.▓.▓.▓
.▓.▓.▓.▓.▓.▓.▓.▓.▓
.▓.▓.▓.▓.▓.▓)▓.▓.▓
.▓.▓.▓.▓'▓.▓.▓.▓.▓
.▓.▓)▓.▓)▓.▓.▓.▓.▓
.▓.▓)▓.▓)▓.▓)▓.▓@▓
'▓.▓.▓.▓)▓.▓)▓.▓B▓
_▓÷▓.▓.▓)▓.▓)▓.▓s▓
_▓.▓.▓.▓)▓.▓)▓.▓.▓
{
_▓.▓.▓.▓)▓.▓)▓.▓.▓
{
_▓.▓.▓.▓.▓.▓)▓.▓.▓
{
_▓.▓'▓.▓)▓.▓)▓.▓.▓
{
_▓.▓.▓)▓.▓.▓)▓.▓.▓
{
_▓.▓.▓.▓.▓.▓(▓.▓.▓
{


You could see an entropy weaver (poisoned, slow) and a wolf spider (very
poisoned, slow).

Vanquished Creatures
  A lich (D)
  Frances (D)
  A stone giant (D)
  A very ugly thing (D)
  An ettin (D)
  2 fire dragons (D)
  2 ice dragons (D)
  Erica (D)
  A jorogumo (D)
  2 hydras (D)
  2 centaur warriors (D)
  A radroach (D)
  A two-headed ogre (D)
  9 orc high priests (D)
  Nergalle (D)
  A pharaoh ant (D)
  A sun moth (D)
  3 lindwurms (D)
  4 orc knights (D)
  3 deep elf pyromancers (D)
  An orc sorcerer (D)
  A wolf spider (D)
  2 cyclopes (D)
  Joseph (D)
  A torpor snail (D)
  2 black mambas (D)
  7 cane toads (D)
  2 komodo dragons (D)
  A yaktaur (D)
  A tyrant leech (D)
  A culicivora (D)
  A wyvern (D)
  4 yaks (D)
  A wraith (D)
  Eustachio (D)
  A basilisk (D)
  A vampire mosquito (D)
  3 water moccasins (D)
  6 orc warriors (D)
  A wolf (D)
  2 centaurs (D)
  2 phantoms (D)
  2 kobold brigands (D)
  5 orc priests (D)
  A jelly (D)
  An iguana (D)
  4 orc wizards (D)
  An adder (D)
  4 worms (D)
  7 orcs (D)
  An endoplasm (D)
  A giant cockroach (D)
  2 goblins (D)
  A ball python (D)
112 creatures vanquished.

Vanquished Creatures (others)
  An orc high priest (D)
1 creature vanquished.

Grand Total: 113 creatures vanquished

Notes
Turn   | Place    | Note
-------+----------+-------------------------------------------
     0 | D        | mhtbhm the Spriggan Brigand began the quest for the Orb.
     0 | D        | Reached XP level 1. HP: 10/10 MP: 2/2
     6 | D        | Reached skill level 6 in Stealth
    12 | D        | Reached skill level 7 in Stealth
    24 | D        | Reached skill level 8 in Stealth
   189 | D        | Noticed a jelly
   189 | D        | Noticed an iguana
   189 | D        | Noticed a phantom
   189 | D        | Noticed a phantom
   196 | D        | Killed a jelly
   197 | D        | Reached skill level 10 in Stealth
   197 | D        | Reached XP level 2. HP: 3/15 MP: 3/3
   197 | D        | Reached XP level 3. HP: 3/18 MP: 4/4
   202 | D        | Reached skill level 11 in Stealth
   454 | D        | Reached XP level 4. HP: 22/23 MP: 5/5
   486 | D        | Killed a phantom
   487 | D        | Reached skill level 13 in Stealth
   487 | D        | Reached XP level 5. HP: 7/28 MP: 6/6
   506 | D        | Killed a phantom
   507 | D        | Reached skill level 5 in Short Blades
   507 | D        | Reached skill level 14 in Stealth
   770 | D        | Found a snail-covered altar of Cheibriados.
   770 | D        | Found a shadowy altar of Dithmenos.
   770 | D        | Found a white marble altar of Elyvilon.
   770 | D        | Found a blossoming altar of Fedhas.
   770 | D        | Found an opulent altar of Gozag.
   771 | D        | Found a hazy altar of Hepliaklqana.
   772 | D        | Found a viscous altar of Jiyva.
   773 | D        | Found an ancient bone altar of Kikubaaqudgha.
   774 | D        | Found a corrupted altar of Lugonu.
   775 | D        | Found a burning altar of Makhleb.
   776 | D        | Found a sparkling altar of Nemelex Xobeh.
   777 | D        | Found an iron altar of Okawaru.
   813 | D        | Found a stormy altar of Qazlal.
   814 | D        | Found a sacrificial altar of Ru.
   815 | D        | Found a shimmering blue altar of Sif Muna.
   816 | D        | Found a bloodstained altar of Trog.
   821 | D        | Found a hide-covered altar of Uskayaw.
   822 | D        | Found a radiant altar of Vehumet.
   823 | D        | Found an ornate altar of the Wu Jian Council.
   824 | D        | Found a shimmering altar of Xom.
   826 | D        | Became a worshipper of Warmaster Okawaru
   828 | D        | Found a basalt altar of Yredelemnul.
   829 | D        | Found a glowing silver altar of Zin.
   830 | D        | Found a glowing golden altar of the Shining One.
   859 | D        | Noticed a yak
   859 | D        | Noticed a wyvern
   859 | D        | Noticed a yak
   859 | D        | Noticed a centaur
   861 | D        | Killed a yak
   862 | D        | Reached skill level 16 in Stealth
   862 | D        | Reached XP level 6. HP: 33/33 MP: 7/7
   863 | D        | Reached * piety under Okawaru
   904 | D        | Killed a wyvern
   905 | D        | Reached skill level 17 in Stealth
   905 | D        | Reached XP level 7. HP: 24/38 MP: 8/8
  1127 | D        | Killed a yak
  1127 | D        | Reached ** piety under Okawaru
  1128 | D        | Reached skill level 5 in Fighting
  1128 | D        | Reached skill level 5 in Throwing
  1128 | D        | Reached skill level 18 in Stealth
  1145 | D        | Reached skill level 5 in Dodging
  1235 | D        | Noticed a basilisk
  1235 | D        | Noticed a vampire mosquito
  1235 | D        | Noticed a wraith
  1235 | D        | Noticed a two-headed ogre
  1235 | D        | Noticed an eight-headed hydra
  1237 | D        | Killed a basilisk
  1238 | D        | Reached skill level 19 in Stealth
  1238 | D        | Reached XP level 8. HP: 44/44 MP: 9/9
  1242 | D        | Reached skill level 10 in Short Blades
  1264 | D        | Reached *** piety under Okawaru
  1264 | D        | Received a gift from Okawaru
  1461 | D        | Killed a two-headed ogre
  1461 | D        | Received a gift from Okawaru
  1462 | D        | Reached skill level 20 in Stealth
  1462 | D        | Reached skill level 1 in Evocations
  1481 | D        | Killed an eight-headed hydra
  1481 | D        | Reached **** piety under Okawaru
  1482 | D        | Reached skill level 21 in Stealth
  1482 | D        | Reached XP level 9. HP: 50/50 MP: 10/10
  1708 | D        | Noticed a cane toad
  1708 | D        | Noticed a cane toad
  1708 | D        | Noticed a black mamba
  1709 | D        | Noticed a cane toad
  1711 | D        | Noticed a cane toad
  1712 | D        | Killed a cane toad
  1713 | D        | Noticed a seven-headed hydra
  1761 | D        | Killed a cane toad
  1778 | D        | Killed a black mamba
  1779 | D        | Reached skill level 22 in Stealth
  1782 | D        | Reached ***** piety under Okawaru
  1979 | D        | Killed a cane toad
  1980 | D        | Reached XP level 10. HP: 55/55 MP: 11/11
  2079 | D        | Killed a seven-headed hydra
  2079 | D        | Received a gift from Okawaru
  2079 | D        | Identified the +2 cloak of Sin {Str+4 Slay+3} (Okawaru
                  | gifted it to you in the Dungeon)
  2079 | D        | Received a gift from Okawaru
  2133 | D        | Killed a cane toad
  2359 | D        | Noticed a cane toad
  2359 | D        | Noticed a cane toad
  2359 | D        | Noticed a cane toad
  2369 | D        | Reached skill level 23 in Stealth
  2377 | D        | Killed a cane toad
  2397 | D        | Killed a cane toad
  2412 | D        | Reached skill level 10 in Throwing
  2570 | D        | Killed a cane toad
  2571 | D        | Reached skill level 10 in Dodging
  2946 | D        | Noticed a black mamba
  2949 | D        | Killed a black mamba
  3080 | D        | Noticed a lindwurm
  3080 | D        | Noticed a lindwurm
  3097 | D        | Noticed a lindwurm
  3100 | D        | Killed a lindwurm
  3102 | D        | Killed a lindwurm
  3103 | D        | Reached XP level 11. HP: 60/60 MP: 12/12
  3108 | D        | Killed a lindwurm
  3108 | D        | Received a gift from Okawaru
  3151 | D        | Noticed Joseph
  3169 | D        | Killed Joseph
  3173 | D        | Noticed Erica
  3180 | D        | Killed Erica
  3181 | D        | Reached skill level 24 in Stealth
  3210 | D        | Noticed Eustachio
  3217 | D        | Killed Eustachio
  3218 | D        | Reached skill level 15 in Short Blades
  3286 | D        | Noticed a stone giant
  3286 | D        | Noticed an orc high priest
  3317 | D        | Killed a stone giant
  3317 | D        | Received a gift from Okawaru
  3323 | D        | Killed an orc high priest
  3428 | D        | Noticed an orc knight
  3428 | D        | Noticed an orc knight
  3495 | D        | Killed an orc knight
  3495 | D        | Reached ****** piety under Okawaru
  3496 | D        | Reached skill level 25 in Stealth
  3837 | D        | Killed an orc knight
  3905 | D        | Noticed an orc high priest
  4123 | D        | Killed an orc high priest
  4123 | D        | Received a gift from Okawaru
  4124 | D        | Noticed an orc knight
  4129 | D        | Noticed an orc sorcerer
  4152 | D        | Killed an orc knight
  4207 | D        | Killed an orc sorcerer
  4246 | D        | Received a gift from Okawaru
  4304 | D        | Noticed an orc knight
  4333 | D        | Killed an orc knight
  4439 | D        | Found Gosiuf's Armour Emporium.
  4439 | D        | Noticed an orc high priest
  4439 | D        | Noticed an orc high priest
  4439 | D        | Noticed an orc high priest
  4440 | D        | Noticed an orc high priest
  4441 | D        | Killed an orc high priest
  4442 | D        | Reached skill level 26 in Stealth
  4442 | D        | Found Beighix's Book Shoppe.
  4447 | D        | Noticed an orc high priest
  4454 | D        | Killed an orc high priest
  4455 | D        | Reached skill level 10 in Fighting
  4455 | D        | Reached skill level 15 in Throwing
  4455 | D        | Reached XP level 12. HP: 50/67 MP: 13/13
  4457 | D        | Noticed an orc high priest
  4468 | D        | Killed an orc high priest
  4468 | D        | Identified the +2 robe "Eloth" {Rampage rPois rF+++ Dex-5}
                  | (Okawaru gifted it to you in the Dungeon)
  4468 | D        | Received a gift from Okawaru
  4469 | D        | Found Pauzuvvu's Book Emporium.
  4476 | D        | Killed an orc high priest
  4567 | D        | Killed an orc high priest
  4757 | D        | Killed an orc high priest
  4802 | D        | Found Suin's Distillery.
  4803 | D        | Noticed an orc high priest
  4806 | D        | Noticed an orc high priest
  4818 | D        | Killed an orc high priest
  4826 | D        | Killed an orc high priest
  4881 | D        | Bought a potion of might for 44 gold pieces
  4881 | D        | Bought a potion of cancellation for 88 gold pieces
  4881 | D        | Bought a potion of cancellation for 88 gold pieces
  4881 | D        | Bought a potion of might for 44 gold pieces
  4881 | D        | Bought a potion of curing for 33 gold pieces
  4907 | D        | Bought a book of Flames for 360 gold pieces
  4913 | D        | Bought a manual of Armour for 960 gold pieces
  4913 | D        | Bought a book of Vapours for 144 gold pieces
  5147 | D        | Found the +2 hood of the Assassin {Detection Stab+ Stlth++}
  5193 | D        | Noticed a centaur warrior
  5193 | D        | Noticed a centaur warrior
  5200 | D        | Noticed a white very ugly thing
  5212 | D        | Killed a centaur warrior
  5217 | D        | Noticed a lich
  5221 | D        | Noticed a fire dragon
  5291 | D        | Killed a centaur warrior
  5309 | D        | Killed a white very ugly thing
  5331 | D        | Killed a lich
  5332 | D        | Reached skill level 5 in Evocations
  5514 | D        | Reached skill level 27 in Stealth
  5514 | D        | Reached skill level 1 in Invocations
  5581 | D        | Noticed an ice dragon
  5586 | D        | Killed a fire dragon
  5586 | D        | Received a gift from Okawaru
  5595 | D        | Killed an ice dragon
  5624 | D        | Noticed an ice dragon
  5629 | D        | Noticed a fire dragon
  5728 | D        | Killed an ice dragon
  5728 | D        | Received a gift from Okawaru
  5781 | D        | Killed a fire dragon
  5781 | D        | Received a gift from Okawaru
  5782 | D        | Reached XP level 13. HP: 43/75 MP: 17/17
  5974 | D        | Noticed an ettin
  5992 | D        | Killed an ettin
  5993 | D        | Reached skill level 5 in Invocations
  6047 | D        | Noticed Nergalle
  6062 | D        | Killed Nergalle
  6088 | D        | Noticed Frances
  6092 | D        | Killed Frances
  6150 | D        | Noticed an entropy weaver
  6475 | D        | HP: 1/76 [entropy weaver (13)]
  6475 | D        | Mangled by an entropy weaver

Illustrated notes

Levels and vault maps discovered:
D:        linesprint [early_d, line_temple, items_1, d_10, items_2, lair_1,
          lair_end, items_3, orc_1, orc_end, items_4, d_15, swamp_1, shoals_1,
          snake_1, spider_1, d_20, vaults_1, items_5, swamp_end, shoals_end,
          snake_end, spider_end, vaults_end, d_27, items_6, zot_1, zot_end,
          crypt_end, forest_end, elf_end, slime_end, tomb_end, abyss_end,
          pan_hell_end]

Skill      XL: |  1  2  3  4  5  6  7  8  9 10 11 12 13 |
---------------+----------------------------------------+-----
Stealth        | 10 11 13 16 17 19 21 22 23 26 27 | 27.0
Fighting       | 2 3 4 5 7 8 10 12 | 12.8
Short Blades   | 3 4 7 8 9 12 13 14 15 17 | 17.4
Throwing       | 3 4 5 6 8 12 15 17 18 | 18.4
Dodging        | 2 3 4 5 8 9 10 12 14 | 14.5
Evocations     | 2 3 4 5 6 |  6.0
Invocations    | 4 7 |  7.1

Action                   |  1- 3 |  4- 6 |  7- 9 | 10-12 | 13-15 || total
-------------------------+-------+-------+-------+-------+-------++-------
Melee: Dagger            |    31 |    49 |       |       |       ||    80
       Punch             |       |     1 |       |     6 |       ||     7
       Rapier            |       |     3 |    63 |   340 |    53 ||   459
Throw: Dart              |       |     5 |     2 |    49 |     4 ||    60
       Boomerang         |       |       |    17 |    73 |       ||    90
Invok: Heroism           |       |       |       |     1 |       ||     1
Evoke: Wand              |       |       |     4 |     7 |       ||    11
  Use: Potion            |     1 |     3 |     1 |     3 |     4 ||    12
       Scroll            |       |       |       |       |     1 ||     1
 Stab: Sleeping          |     2 |     2 |     5 |    11 |     7 ||    27
       Distracted        |       |       |     2 |     6 |     1 ||     9
       Invisible         |       |       |       |     5 |       ||     5
Armor: Robe              |     2 |     7 |     5 |    19 |     7 ||    40
Dodge: Dodged            |    15 |    16 |    45 |   127 |    40 ||   243

Table legend: (Time is in decaauts)
 A = Elapsed time spent in this place.
 B = Non-inter-level travel time spent in this place.
 C = Inter-level travel time spent in this place.
 D = Time resting spent in this place.
 E = Time spent auto-exploring this place.
 F = Levels seen in this place.
 G = Mean time per level.
                   A        B        C        D        E       F      G
               +--------+--------+--------+--------+--------+-----+--------+
         Total |   5567 |   5567 |      0 |   3735 |    358 |   1 | 5567.0 |
       Dungeon |   5567 |   5567 |      0 |   3735 |    358 |   1 | 5567.0 |
               +--------+--------+--------+--------+--------+-----+--------+

Top non-repeatable levels by time:
       D: 5567 daAuts
